 Dungeon Crawl Stone Soup version 0.20.1-1-g8b1a95d (webtiles) character file.

2013 Jeffwins the Skirmisher (level 9, -16/105 HPs)
             Began as an Ogre Hunter on Aug 5, 2017.
             Was a Priest of Okawaru.
             Demolished by a two-headed ogre
             ... wielding a cursed -3 giant club
              (24 damage)
             ... on level 7 of the Dungeon.
             The game lasted 00:17:30 (6262 turns).

Jeffwins the Skirmisher (Ogre Hunter)               Turns: 6262, Time: 00:17:30

Health: -16/105    AC:  3    Str: 18    XL:     9   Next: 22%
Magic:  9/9        EV: 10    Int: 10    God:    Okawaru [***...]
Gold:   89         SH:  0    Dex: 12    Spells: 8/8 levels left

rFire    . . .     SeeInvis .   a - +2 hand crossbow
rCold    . . .     Gourm    .   (no shield)
rNeg     . . .     Faith    .   c - +0 robe
rPois    .         Spirit   .   (helmet restricted)
rElec    .         Reflect  .   (no cloak)
rCorr    .         Harm     .   (gloves unavailable)
MR       .....                  (boots unavailable)
Stlth    +++.......             A - amulet of magic regeneration
Regen    0.3/turn               (no ring)
MPRegen  0.2/turn               p - ring of stealth

@: no status effects
A: unfitting armour, dopey 1, robust 1, tough skin 1
a: Heroism, Renounce Religion


You were on level 7 of the Dungeon.
You worshipped Okawaru.
Okawaru was most pleased with you.
You were not hungry.

You visited 2 branches of the dungeon, and saw 8 of its levels.

You collected 328 gold pieces.
You spent 239 gold pieces at shops.

Inventory:

Hand Weapons
 a - a +2 hand crossbow (weapon)
 b - a +0 spear
 h - a +0 dagger of venom
 n - a +2 war axe of chopping
 w - the +6 whip of Profit {speed, *Corrode rC+ rN++ MR+}
   (You found it on level 6 of the Dungeon)

   Attacks with this weapon are significantly faster.
   It protects you from cold.
   It greatly protects you from negative energy.
   It affects your resistance to hostile enchantments.
   It may corrode you when you take damage.
Missiles
 d - 14 bolts (quivered)
Armour
 c - a +0 robe (worn)
Jewellery
 g - an uncursed ring of resist corrosion
 p - a ring of stealth (right hand)
 r - an uncursed ring of flight
 s - a +1 ring of evasion
 A - an amulet of magic regeneration (around neck)
Wands
 y - a wand of iceblast (7/15)
Scrolls
 e - 8 scrolls of identify
 l - a scroll of teleportation
 m - 2 scrolls of remove curse
Potions
 q - 2 potions of heal wounds
 t - a potion of agility
 u - a potion of might
Comestibles
 f - 8 bread rations
 i - 2 meat rations


   Skills:
 + Level 7.9 Fighting
 + Level 5.2 Polearms
 * Level 6.8 Crossbows
 - Level 1.7 Dodging
 + Level 3.0 Stealth


You had 8 spell levels left.
You didn't know any spells.

Dungeon Overview and Level Annotations

Branches:
Dungeon (7/15)             Temple (1/1) D:5

Altars:
Ashenzari
Elyvilon
Gozag
Okawaru
Trog
The Shining One

Shops:
D:5 (*!=


Innate Abilities, Weirdness & Mutations

You are too large for most types of armour.
You have tough skin. (AC +1)
You are dopey. (Int -2)
You are robust. (+10% HP)


Message History

You shoot a bolt. The bolt hits the two-headed ogre.
The two-headed ogre is moderately wounded.
The two-headed ogre barely misses you. The two-headed ogre closely misses you.
Firing (i - inventory):
d - 16 bolts (quivered)
Press: ? - help, Shift-Dir - straight line, f/p - two-headed ogre
Aim: a two-headed ogre, wielding a giant club and a giant spiked club (moderately wounded)
You shoot a bolt.
The bolt barely misses the two-headed ogre.
The two-headed ogre barely misses you.
The two-headed ogre hits you with a giant spiked club!!
* * * LOW HITPOINT WARNING * * *
Firing (i - inventory):
d - 15 bolts (quivered)
Press: ? - help, Shift-Dir - straight line, f/p - two-headed ogre
Aim: a two-headed ogre, wielding a giant club and a giant spiked club (moderately wounded)
You shoot a bolt. The bolt hits the two-headed ogre!
The two-headed ogre is heavily wounded.
The two-headed ogre hits you with a giant club!
* * * LOW HITPOINT WARNING * * *
The two-headed ogre hits you with a giant spiked club!!
You die...

#. ... ..
.( #.. ..
.# ( .#..
. .#.#
#....###
.#.####
#!......
##..(.(((
.....#(
#..((.#
.### #.
#?O(..#
.....#(
#@....#
#.......
##...##
#.......
#.##
#.####.#
.# #. #
#. .. #.


You could see a two-headed ogre.

Vanquished Creatures
  The ghost of Solotaire the Chopper, a novice DrBe of Trog (D:6)
  The ghost of Morgon the Conjurer, an amateur OgCj of Kikubaaqudgha (D:4)
  A hungry ghost (D:7)
  A sky beast (D:5)
  An ogre (D:6)
  2 centaurs
  A bullfrog (D:4)
  Blork the orc (D:5)
  3 scorpions
  3 wights
  2 crimson imps
  2 hounds
  4 orc wizards
  An orc priest (D:6)
  A bullfrog skeleton (D:5)
  4 worker ants
  2 hound skeletons
  Robin (D:4)
  3 gnolls (D:6)
  9 adders
  A shadow imp (D:5)
  An ooze (D:4)
  An adder zombie (D:5)
  An adder skeleton (D:6)
  3 worms
  2 dart slugs
  3 leopard geckos
  18 orcs
  7 giant cockroaches
  12 goblins
  10 hobgoblins
  4 jackals (D:3)
  3 kobolds (D:2)
  2 quokkas
  A ball python (D:1)
  2 bats
  5 frilled lizards
  A jackal zombie (D:7)
  9 rats
130 creatures vanquished.

Notes
Turn   | Place    | Note
-------+----------+-------------------------------------------
     0 | D:1      | Jeffwins the Ogre Hunter began the quest for the Orb.
     0 | D:1      | Reached XP level 1. HP: 22/22 MP: 1/1
    66 | D:1      | Reached skill level 3 in Fighting
   119 | D:1      | Reached XP level 2. HP: 31/31 MP: 2/2
   924 | D:2      | Reached XP level 3. HP: 37/37 MP: 3/3
  1000 | D:2      | Found an iron altar of Okawaru.
  1003 | D:2      | Became a worshipper of Warmaster Okawaru
  1417 | D:3      | Reached skill level 1 in Polearms
  1514 | D:3      | Reached XP level 4. HP: 48/48 MP: 4/4
  1637 | D:3      | Found a faded altar of an unknown god.
  1641 | D:3      | Reached skill level 4 in Fighting
  1892 | D:3      | Found a glowing golden altar of the Shining One.
  2168 | D:3      | Reached XP level 5. HP: 50/54 MP: 5/5
  2392 | D:3      | Gained mutation: You are robust. (+10% HP) [potion of mutation]
  2392 | D:3      | Gained mutation: You evolve. [potion of mutation]
  2711 | D:4      | Found a white marble altar of Elyvilon.
  2723 | D:4      | Noticed Robin
  2782 | D:4      | Killed Robin
  3036 | D:4      | Noticed Morgon's ghost (amateur OgCj)
  3049 | D:4      | Killed Morgon's ghost
  3049 | D:4      | Reached * piety under Okawaru
  3049 | D:4      | Reached skill level 5 in Fighting
  3049 | D:4      | Reached XP level 6. HP: 15/72 MP: 6/6
  3115 | D:4      | Gained mutation: You are dopey. (Int -2) [evolution]
  3115 | D:4      | Lost mutation: You evolve. [end of evolution]
  3276 | D:4      | Found an opulent altar of Gozag.
  3537 | D:4      | Found a shattered altar of Ashenzari.
  3540 | D:4      | Reached XP level 7. HP: 79/79 MP: 7/7
  3620 | D:4      | Reached skill level 5 in Crossbows
  4122 | D:5      | Entered Level 5 of the Dungeon
  4191 | D:5      | Reached skill level 6 in Fighting
  4302 | D:5      | Reached ** piety under Okawaru
  4307 | D:5      | Noticed Blork the orc
  4333 | D:5      | Killed Blork the orc
  4333 | D:5      | Reached skill level 1 in Stealth
  4448 | D:5      | Found a bloodstained altar of Trog.
  4454 | D:5      | Found a staircase to the Ecumenical Temple.
  4506 | D:5      | Found Qatidi's General Store.
  4514 | D:5      | Bought a scroll of identify for 26 gold pieces
  4539 | D:5      | Found Xygosef's Jewellery Boutique.
  4551 | D:5      | Bought a cursed ring of loudness for 49 gold pieces
  4551 | D:5      | Bought a cursed amulet of inaccuracy for 22 gold pieces
  4596 | D:5      | Found Guniteuts's Distillery.
  4604 | D:5      | Reached XP level 8. HP: 82/92 MP: 8/8
  4612 | D:5      | Bought a potion of heal wounds for 50 gold pieces
  4612 | D:5      | Bought a potion of heal wounds for 50 gold pieces
  4814 | D:5      | Found Qusin's Weapon Boutique.
  4860 | Temple   | Entered the Ecumenical Temple
  5137 | D:6      | Got an iridescent whip
  5138 | D:6      | Identified the +6 whip of Profit {speed, *Corrode rC+ rN++ MR+} (You found it on level 6 of the Dungeon)
  5401 | D:5      | Bought 15 bolts for 42 gold pieces
  5597 | D:6      | Noticed Solotaire's ghost (novice DrBe)
  5630 | D:6      | Killed Solotaire's ghost
  5630 | D:6      | Reached *** piety under Okawaru
  5630 | D:6      | Reached skill level 7 in Fighting
  5725 | D:6      | Reached skill level 5 in Polearms
  5725 | D:6      | Reached XP level 9. HP: 66/102 MP: 9/9
  6139 | D:7      | Noticed a two-headed ogre
  6262 | D:7      | Demolished by a two-headed ogre

Skill      XL: |  1  2  3  4  5  6  7  8  9 |
---------------+----------------------------+-----
Crossbows      | 3 4 5 6 |  6.8
Fighting       | 3 4 5 6 7 |  7.9
Polearms       | 1 2 3 5 |  5.2
Stealth        | 1 2 3 |  3.0
Dodging        | |  1.7

Action                   |  1- 3 |  4- 6 |  7- 9 || total
-------------------------+-------+-------+-------++-------
Melee: Short sword       |    14 |       |       ||    14
       Spear             |     6 |       |       ||     6
       Whip              |       |       |    13 ||    13
 Fire: Hand crossbow     |    60 |   129 |   181 ||   370
  Use: Potion            |       |     5 |       ||     5
       Scroll            |       |     3 |     8 ||    11
  Eat: Chunk             |     2 |     6 |     3 ||    11
       Bread ration      |       |       |     1 ||     1
       Meat ration       |       |       |     1 ||     1
Armor: Robe              |    11 |     9 |    14 ||    34
Dodge: Dodged            |    11 |    17 |    68 ||    96
